 Dungeon Crawl Stone Soup version 0.27-a0-1378-gdefffd1ff6 (webtiles) character file.

Game seed: 11633748719619004618

7562 snetch the Thaumaturge (level 11, -10/66 HPs)
             Began as a Djinni Fire Elementalist on June 29, 2021.
             Was a High Priest of Okawaru.
             Shot with a bolt by an orc warrior (13 damage)
             ... in a bailey.
             The game lasted 00:41:11 (13499 turns).

snetch the Thaumaturge (Djinni Fire Elementalist)  Turns: 13499, Time: 00:41:12

Health: -10/66     AC:  9    Str:  7    XL:     11   Next: 39%
Gold:   556        EV: 17    Int: 19    God:    Okawaru [*****.] SH:  6 Dex: 15

rFire    + + +     SeeInvis .   a - +4 war axe
rCold    x x .     Faith    .   M - +2 buckler
rNeg     . . .     Spirit   .   V - +0 steam dragon scales
rPois    ∞         Reflect  .   l - +0 helmet
rElec    .         Harm     .   (no cloak)
rCorr    .         Rampage  .   J - +0 pair of gloves
Will     +....                  (boots unavailable)
Stlth    +++.......             (no amulet)
HPRegen  0.21/turn              u - +4 ring of evasion
MPRegen  0.00/turn              G - ring of fire

@: flying
A: sickness immunity, fire resistance 2, cold vulnerability 1, float, innate
caster, hp casting, extra vitality 1
a: Renounce Religion, Heroism, Finesse


You were in a bailey.
You worshipped Okawaru.
Okawaru was extremely pleased with you.
You visited 2 branches of the dungeon, and saw 11 of its levels.
You also visited: Bailey.

You collected 556 gold pieces.

Inventory:

Hand Weapons
 a - a +4 war axe (weapon)
 b - a +1 falchion of flaming
 c - a +1 hand crossbow of freezing
Missiles
 d - 4 datura-tipped darts
 e - 4 boomerangs
 j - 74 arrows
 o - 3 atropa-tipped darts
 p - 96 sling bullets
 F - 26 poisoned darts
 H - 3 curare-tipped darts
 K - 99 bolts
 W - 4 silver boomerangs
 Z - 2 javelins
Armour
 l - a +0 helmet (worn)
 t - a +0 chain mail
 I - a +0 kite shield
 J - a +0 pair of gloves (worn)
 M - a +2 buckler (worn)
 O - a +0 plate armour
 V - +0 steam dragon scales (worn)
Jewellery
 u - a +4 ring of evasion (left hand)
 C - a ring of willpower
 G - a ring of fire (right hand)
Wands
 m - a wand of digging (6)
 w - a wand of flame (4)
 z - a wand of iceblast (24)
 U - a wand of charming (8)
Scrolls
 g - a scroll of fog {unknown}
 i - 3 scrolls of holy word
 k - 6 scrolls of teleportation
 s - 2 scrolls of immolation
 y - a scroll of magic mapping {unknown}
 B - 4 scrolls of identify {unknown}
 D - a scroll of enchant armour {unknown}
 E - a scroll of silence {unknown}
 S - 2 scrolls of acquirement {unknown}
 T - a scroll of amnesia {unknown}
 X - a scroll of summoning {unknown}
Potions
 h - 2 potions of lignification {unknown}
 n - 3 potions of brilliance {unknown}
 q - 2 potions of flight {unknown}
 r - a potion of resistance
 A - 2 potions of attraction {unknown}
 P - a potion of heal wounds {unknown}
 Q - 4 potions of curing
 Y - 2 potions of degeneration {unknown}


   Skills:
 + Level 0.9 Fighting
 + Level 6.5 Armour
 + Level 3.6 Dodging
 + Level 4.3 Stealth
 + Level 2.3 Shields
 + Level 11.2 Spellcasting
 + Level 0.2 Invocations


You had 2 spell levels left.
You knew the following spells:

 Your Spells              Type           Power      Damage    Failure   Level
a - Foxfire               Conj/Fire      100%       2x1d9     1%          1
b - Conjure Flame         Conj/Fire      68%        6-21      1%          3
c - Inner Flame           Hex/Fire       68%        N/A       1%          3
d - Sticky Flame          Conj/Fire      68%        2d8       1%          4
e - Fireball              Conj/Fire      34%        3d14      2%          5
f - Summon Small Mammal   Summ           100%       N/A       1%          1
g - Slow                  Hex            52%        N/A       1%          2
h - Stone Arrow           Conj/Erth      100%       3d13      1%          3
i - Swiftness             Air            52%        N/A       1%          3
j - Yara's Violent Unrav  Hex/Tmut       26%        3d11      2%          5
Your spell library was empty.

Dungeon Overview and Level Annotations

Branches:
Dungeon (10/15)            Temple (1/1) D:4             Orc (0/2) D:9
 Bailey (1/1)
   Lair: D:8-11

Altars:
Ashenzari
Cheibriados
Dithmenos
Elyvilon
Fedhas
Gozag
Hepliaklqana
Kikubaaqudgha
Makhleb
Nemelex Xobeh
Okawaru
Qazlal
Ru
Sif Muna
Trog
Uskayaw
Vehumet
Wu Jian
Xom
Yredelemnul
Zin
The Shining One


Innate Abilities, Weirdness & Mutations

You are immune to sickness and miasma.
You are immune to poison.
Your flesh is very heat resistant. (rF++)
You are vulnerable to cold. (rC-)
You float through the air rather than walking.
You learn spells naturally, not from books.
Your magical power is your life essence.
You have superior vitality. (+4 HP)


Message History

You kill the orc!
Okawaru accepts your kill.
There is an empty arch of ancient stone here.
There is a gate leading back out of this place here.
The stone arrow misses the orc warrior.
You are too injured to fight recklessly!
Unknown command.
Unknown command.
You are too injured to fight recklessly!
Aiming: Stone Arrow (safe; 1% risk of failure)
Press: ? - help, Q - select action, (/) - cycle Shift-Dir - straight line, f/p - orc warrior
Aim: an orc warrior, wielding a +0 halberd and wearing a +4 scale mail (72% to hit)
The stone arrow hits the orc warrior.
The orc warrior is lightly wounded.
The orc warrior completely misses you.
Aiming: Stone Arrow (safe; 1% risk of failure)
Press: ? - help, Q - select action, (/) - cycle Shift-Dir - straight line, f/p - orc warrior
Aim: an orc warrior, wielding a +0 halberd and wearing a +4 scale mail (lightly wounded, 72% to hit)
The stone arrow hits the orc warrior!
The orc warrior is severely wounded.
The orc warrior hits you from afar with a +0 halberd!
* * * LOW HITPOINT WARNING * * *
Aiming: Stone Arrow (safe; 1% risk of failure)
Press: ? - help, Q - select action, (/) - cycle Shift-Dir - straight line, f/p - orc warrior
Aim: an orc warrior, wielding a +0 halberd and wearing a +4 scale mail (severely wounded, 72% to hit)
The stone arrow hits the orc warrior!!
You kill the orc warrior!
Okawaru accepts your kill.
* * * LOW HITPOINT WARNING * * *
You start resting.
An orc warrior comes into view. It is wielding a +0 arbalest.
It was a potion of curing.
You feel better.
Aiming: Stone Arrow (safe; 1% risk of failure)
Press: ? - help, Q - select action, (/) - cycle Shift-Dir - straight line, f - orc warrior
Aim: an orc warrior, wielding a +0 arbalest, wearing a +0 scale mail and quivering bolts (72% to hit)
The stone arrow misses the orc warrior.
The orc warrior shoots a bolt.
The bolt hits you!
* * * LOW HITPOINT WARNING * * *
You fail to use your ability.
The orc warrior shoots a bolt.
The bolt hits you!
You die...

### ##@## #.∩.#
#.)o#
o≈≈......)§§o≈≈
oo≈.......§§∩.≈
≈o≈≈.......≈§)≈≈
≈≈≈..#...#..≈≈≈.
....##...##.....
#### ##∩## #####


You could see an orc warrior.

Vanquished Creatures
  2 two-headed ogres
  A deep elf pyromancer (D:9)
  The ghost of tasumai the Slasher, a novice DsBe of Trog (D:6)
  An orc knight (Bailey)
  The ghost of octoduck the Destroyer, a novice DrCj of Vehumet (D:6)
  A troll (D:9)
  A vampire (D:9)
  A wyvern (D:8)
  2 vampire mosquitoes (D:10)
  A steam dragon (D:7)
  2 water moccasins (D:6)
  An ice beast (D:6)
  7 orc warriors
  A sky beast (D:5)
  2 black bears
  2 necrophages (D:5)
  An ogre (D:5)
  2 centaurs
  5 kobold brigands
  A wyvern zombie (D:8)
  A water moccasin skeleton (D:5)
  6 killer bees (D:7)
  6 howler monkeys
  10 wights
  A crimson imp (D:4)
  2 centaur zombies (D:9)
  A jelly (D:6)
  A gnoll shaman (D:7)
  4 orc priests
  A bullfrog skeleton (D:5)
  A centaur skeleton (D:7)
  3 orc wizards
  4 iguanas
  A killer bee zombie (D:8)
  3 howler monkey zombies
  7 gnolls
  7 adders
  2 white imps
  An ufetubus (D:5)
  2 adder skeletons (D:4)
  2 dart slugs
  37 orcs
  7 ball pythons
  5 bats
  11 endoplasms
  6 giant cockroaches
  14 goblins
  6 hobgoblins
  3 jackals (D:2)
  5 quokkas
  5 frilled lizards
  34 kobolds
  6 rats
241 creatures vanquished.

Vanquished Creatures (collateral kills)
  A wight (D:4)
1 creature vanquished.

Vanquished Creatures (others)
  487 foxfires
487 creatures vanquished.

Grand Total: 729 creatures vanquished

Notes
Turn   | Place    | Note
-------+----------+-------------------------------------------
     0 | D:1      | snetch the Djinni Fire Elementalist began the quest for the
                  | Orb.
     0 | D:1      | Reached XP level 1. HP: 15/15 MP: 0/0
   151 | D:2      | Reached XP level 2. HP: 10/21 MP: 0/0
   755 | D:1      | Reached skill level 3 in Spellcasting
   916 | D:1      | Reached XP level 3. HP: 20/25 MP: 0/0
   916 | D:1      | Learned a level 1 spell: Summon Small Mammal
  1856 | D:2      | Reached XP level 4. HP: 29/31 MP: 0/0
  1995 | D:2      | Reached skill level 1 in Armour
  2853 | D:3      | Found a faded altar of an unknown god.
  2862 | D:3      | Became a worshipper of Warmaster Okawaru
  2862 | D:3      | Reached * piety under Okawaru
  2924 | D:3      | Reached XP level 5. HP: 31/35 MP: 0/0
  2924 | D:3      | Learned a level 2 spell: Slow
  3996 | D:4      | Reached skill level 4 in Spellcasting
  4257 | D:4      | Reached XP level 6. HP: 28/40 MP: 0/0
  4896 | D:5      | Entered Level 5 of the Dungeon
  4944 | D:4      | Reached skill level 5 in Spellcasting
  4945 | D:4      | Reached XP level 7. HP: 40/45 MP: 0/0
  4945 | D:4      | Learned a level 3 spell: Stone Arrow
  5257 | D:4      | Found a staircase to the Ecumenical Temple.
  5265 | Temple   | Entered the Ecumenical Temple
  6169 | D:5      | Reached ** piety under Okawaru
  6383 | D:5      | Reached skill level 6 in Spellcasting
  6383 | D:5      | Reached XP level 8. HP: 35/50 MP: 0/0
  6877 | D:6      | Reached *** piety under Okawaru
  7277 | D:6      | Found a runed translucent gate.
  7277 | D:6      | Found a runed translucent gate.
  7277 | D:6      | Found a runed translucent gate.
  7279 | D:6      | Noticed octoduck's ghost (novice DrCj)
  7279 | D:6      | Noticed tasumai's ghost (novice DsBe)
  7323 | D:6      | Reached skill level 7 in Spellcasting
  7830 | D:6      | Found a shimmering altar of Xom.
  7949 | D:6      | Reached XP level 9. HP: 38/56 MP: 0/0
  7949 | D:6      | Learned a level 3 spell: Swiftness
  8079 | D:6      | Reached skill level 5 in Armour
  9235 | D:7      | Reached skill level 8 in Spellcasting
  9276 | D:7      | Reached **** piety under Okawaru
 10142 | D:7      | Received a gift from Okawaru
 10380 | D:6      | Killed tasumai's ghost
 10381 | D:6      | Reached skill level 1 in Shields
 10381 | D:6      | Reached XP level 10. HP: 21/61 MP: 0/0
 10388 | D:6      | HP: 2/61 [octoduck's ghost/magic dart (2)]
 10396 | D:6      | HP: 1/61 [octoduck's ghost/magic dart (2)]
 10699 | D:6      | Killed octoduck's ghost
 10700 | D:6      | Reached skill level 9 in Spellcasting
 11386 | D:8      | Reached ***** piety under Okawaru
 11689 | D:8      | Noticed a two-headed ogre
 11692 | D:8      | Killed a two-headed ogre
 12205 | D:9      | Reached skill level 10 in Spellcasting
 12216 | D:9      | Noticed a two-headed ogre
 12823 | D:9      | Killed a two-headed ogre
 12824 | D:9      | Reached XP level 11. HP: 55/66 MP: 0/0
 12824 | D:9      | Learned a level 5 spell: Yara's Violent Unravelling
 12894 | D:9      | Found a staircase to the Orcish Mines.
 13041 | D:9      | Noticed a deep elf pyromancer
 13043 | D:9      | Killed a deep elf pyromancer
 13208 | D:10     | Entered Level 10 of the Dungeon
 13301 | D:10     | Reached skill level 11 in Spellcasting
 13459 | D:10     | Found a flagged portal.
 13471 | Bailey   | Entered a bailey
 13471 | Bailey   | Noticed an orc knight
 13476 | Bailey   | Killed an orc knight
 13476 | Bailey   | Received a gift from Okawaru
 13498 | Bailey   | HP: 3/66 [orc warrior/bolt (17)]
 13499 | Bailey   | Shot with a bolt by an orc warrior

Illustrated notes

Levels and vault maps discovered:
D:1:      heliophobic_arrival_enchanted_forest, layout_basic
D:2:      kennysheep_big_flooded_room, layout_basic
D:3:      layout_basic, basic_ecumenical_altar
D:4:      layout_rooms, minmay_temple_entry_glassed_door, minmay_fire_ice_demons
D:5:      layout_gridville, chequers_serial_rivers_micro_a,
          lemuel_flamethrower_2
D:6:      layout_loops_ring, old_standard_altar, gammafunk_ghost_cemetery
D:7:      layout_basic, minmay_misc_feat_encased
D:8:      layout_basic
D:9:      layout_basic, david_orc_2
D:10:     layout_stronghold, enter_bailey_3
Temple:   kilobyte_greek_temple
Bailey:   bailey_polearm_4, bailey

Skill      XL: |  1  2  3  4  5  6  7  8  9 10 11 |
---------------+----------------------------------+-----
Spellcasting   | 3 4 5 6 7 8 10 11 | 11.2
Stealth        | 2 3 4 |  4.3
Armour         | 1 2 3 4 6 |  6.5
Shields        | 1 2 |  2.3
Dodging        | 3 |  3.6
Fighting       | |  0.9
Invocations    | |  0.2

Action                   |  1- 3 |  4- 6 |  7- 9 | 10-12 || total
-------------------------+-------+-------+-------+-------++-------
Melee: War axe           |       |     2 |     2 |     7 ||    11
 Cast: Foxfire           |    82 |   132 |    46 |    32 ||   292
       Summon Small Mamm |       |     5 |       |       ||     5
       Slow              |       |     1 |     3 |       ||     4
       Stone Arrow       |       |       |   114 |    63 ||   177
       Fireball          |       |       |     1 |    24 ||    25
       Swiftness         |       |       |     1 |     1 ||     2
Invok: Heroism           |       |     1 |       |     1 ||     2
  Use: Scroll            |       |       |       |     3 ||     3
       Potion            |       |       |       |     1 ||     1
Armor: Leather armour    |       |     1 |       |       ||     1
       Ring mail         |       |       |    16 |       ||    16
       Steam dragon scal |       |       |       |     5 ||     5
Dodge: Dodged            |     8 |    13 |    33 |    19 ||    73
Block: Buckler           |       |       |    12 |    14 ||    26

Table legend: (Time is in decaauts)
 A = Elapsed time spent in this place.
 B = Non-inter-level travel time spent in this place.
 C = Inter-level travel time spent in this place.
 D = Time resting spent in this place.
 E = Time spent auto-exploring this place.
 F = Levels seen in this place.
 G = Mean time per level.
                   A        B        C        D        E       F      G
               +--------+--------+--------+--------+--------+-----+--------+
         Total |  13521 |  12747 |    774 |   1746 |   8501 |  12 | 1126.8 |
       Dungeon |  13350 |  12587 |    763 |   1733 |   8370 |  10 | 1335.0 |
        Temple |    143 |    132 |     11 |      0 |    131 |   1 |  143.0 |
        Bailey |     27 |     27 |      0 |     13 |      0 |   1 |   27.0 |
               +--------+--------+--------+--------+--------+-----+--------+

Top non-repeatable levels by time:
     D:7: 2333 daAuts
     D:3: 1915 daAuts
     D:6: 1717 daAuts
     D:1: 1532 daAuts
     D:5: 1385 daAuts
     D:4: 1297 daAuts
     D:8: 1122 daAuts
     D:2: 977 daAuts
     D:9: 804 daAuts
    D:10: 265 daAuts
  Temple: 143 daAuts
  Bailey: 27 daAuts
